 Dungeon Crawl Stone Soup version 0.20.1-1-g8b1a95d (webtiles) character file.

2783 equalderp2856 the Cleaver (level 9, -5/79 HPs)
             Began as a Minotaur Fighter on Aug 19, 2017.
             Slain by a wyvern (8 damage)
             ... on level 8 of the Dungeon.
             The game lasted 00:10:25 (5490 turns).

equalderp2856 the Cleaver (Minotaur Fighter)        Turns: 5490, Time: 00:10:42

Health: -5/79      AC:  9    Str: 23    XL:     9   Next: 43%
Magic:  8/8        EV: 10    Int:  6    God:
Gold:   498        SH: 11    Dex: 12    Spells: 8/8 levels left

rFire    . . .     SeeInvis .   a - +0 war axe
rCold    . . .     Gourm    .   c - +0 shield
rNeg     . . .     Faith    .   b - +0 scale mail
rPois    .         Spirit   .   (helmet restricted)
rElec    .         Reflect  .   (no cloak)
rCorr    .         Harm     .   (no gloves)
MR       .....                  p - +0 pair of boots
Stlth    ..........             E - amulet of regeneration
Regen    0.7/turn               y - ring of loudness (curse)
MPRegen  0.2/turn               H - +2 ring of strength

@: no status effects
A: retaliatory headbutt, horns 2
a: no special abilities


You were on level 8 of the Dungeon.
You were hungry.

You visited 1 branch of the dungeon, and saw 8 of its levels.
You also visited: Sewer.

You collected 498 gold pieces.

Inventory:

Hand Weapons
 a - a +0 war axe (weapon)
 J - a +4 battleaxe
 M - a +0 trident
 P - a +2 spear
 R - a +1 spear of venom
 S - a +0 war axe
Missiles
 v - 4 javelins (quivered)
 N - 12 poisoned needles
 T - 17 bolts
Armour
 b - a +0 scale mail (worn)
 c - a +0 shield (worn)
 p - a +0 pair of boots (worn)
 z - a +0 buckler
Jewellery
 l - an uncursed amulet of rage
 y - a cursed ring of loudness (left hand)
 E - an amulet of regeneration (around neck)
 H - a +2 ring of strength (right hand)
Wands
 C - a wand of lightning (5/15)
 I - a wand of disintegration (3/24)
Scrolls
 e - a scroll of noise {unknown}
 i - 6 scrolls of identify
 j - 3 scrolls of remove curse {unknown}
 o - 2 scrolls of teleportation {unknown}
 q - 2 scrolls of enchant weapon {unknown}
 t - 2 scrolls of magic mapping
 u - 2 scrolls of immolation {unknown}
 B - a scroll of fear {unknown}
 D - 2 scrolls of recharging {unknown}
 K - a scroll of blinking {unknown}
 O - 2 scrolls of amnesia {unknown}
Potions
 d - 3 potions of might
 h - a potion of cancellation {unknown}
 k - 2 potions of mutation {unknown}
 m - 5 potions of curing {unknown}
 r - a potion of invisibility {unknown}
 s - 3 potions of heal wounds {unknown}
 w - a potion of resistance {unknown}
 A - 2 potions of berserk rage {unknown}
 F - a potion of magic {unknown}
 Q - a potion of haste {unknown}
Books
 x - a book of Minor Magic

   Spells                             Type                      Level
   a - Magic Dart                     Conjuration                  1
   b - Blink                          Translocation                2
   c - Call Imp                       Summoning                    2
   d - Slow                           Hexes                        2
   e - Conjure Flame                  Conjuration/Fire             3
   f - Mephitic Cloud                 Conjuration/Poison/Air       3
 G - a book of Cantrips

   Spells                             Type                      Level
   a - Confusing Touch                Hexes                        1
   b - Animate Skeleton               Necromancy                   1
   c - Summon Small Mammal            Summoning                    1
   d - Apportation                    Translocation                1
Comestibles
 f - 3 bread rations
 g - 5 royal jellies
 n - 6 meat rations
 L - 2 fruits
 U - 2 chunks of flesh


   Skills:
 + Level 7.0 Fighting
 + Level 9.7 Axes
 + Level 7.2 Armour
 + Level 4.0 Dodging
 + Level 1.5 Stealth
 + Level 7.7 Shields
 + Level 1.0 Evocations


You had 8 spell levels left.
You didn't know any spells.

Dungeon Overview and Level Annotations

Branches:
Dungeon (8/15)             Temple (0/1) D:5
   Lair: D:8-11

Altars:
Dithmenos
Elyvilon
Fedhas
Gozag
Kikubaaqudgha
Okawaru
Ru
Trog
Vehumet
Xom
The Shining One


Innate Abilities, Weirdness & Mutations

You reflexively headbutt those who attack you in melee.
You have a pair of horns on your head.


Message History

You closely miss something. You hit the wyvern but do no damage.
The wyvern bites you. Something hits you. You block the wyvern's attack.
You hear some strange, mumbled words.
A puff of flame appears from out of thin air!
You block the puff of flame.
You hit something. You closely miss the wyvern. The wyvern bites you!
* * * LOW HITPOINT WARNING * * *
Something hits you but does no damage. The wyvern closely misses you.
You furiously retaliate!
You headbutt the wyvern. You slash something!
Reactivating autopickup.
You feel a bit more experienced.
You closely miss the wyvern. You block the wyvern's attack.
A centaur, an ogre and a two-headed ogre come into view.
The ogre shouts!
The centaur shouts!
The centaur unwields an uncursed bardiche.
The centaur wields a shortbow.
The centaur shoots an arrow.
The arrow hits you!
* * * LOW HITPOINT WARNING * * *
The wyvern bites you!
You die...

........... #.
#...#.#
###.##..<..#
.<..#...### ##
#..##.## ...
####..#.#.##..
#......###.O
....[..#l#.###
##.###%##@#
.......O.#
c#.#.#.....
..5......##
.#.#.#.#..#
#.# ...# ..#
.. . ... #.#.#
...#


You could see a two-headed ogre, a wyvern, an ogre, a centaur and a crimson imp.

Vanquished Creatures
  A hippogriff (D:7)
  2 black bears (D:7)
  3 sky beasts
  An ice beast (D:7)
  2 phantoms (D:7)
  4 ogres (D:7)
  A bullfrog (Sewer)
  A gnoll sergeant (D:7)
  3 wights (D:6)
  3 howler monkeys
  2 crimson imps
  2 centaur skeletons
  4 orc priests
  3 hounds
  6 orc wizards
  A gnoll shaman (D:4)
  3 iguanas
  5 worker ants
  3 hound skeletons
  15 gnolls
  15 adders
  An ooze (D:5)
  An adder zombie (D:4)
  2 worms (D:2)
  2 dart slugs
  5 leopard geckos
  14 orcs
  8 ball pythons
  3 bats
  7 giant cockroaches
  15 goblins
  16 hobgoblins
  7 jackals
  A quokka (D:7)
  12 frilled lizards
  11 kobolds
  A leopard gecko skeleton (D:4)
  10 rats
196 creatures vanquished.

Notes
Turn   | Place    | Note
-------+----------+-------------------------------------------
     0 | D:1      | equalderp2856 the Minotaur Fighter began the quest for the Orb.
     0 | D:1      | Reached XP level 1. HP: 19/19 MP: 0/0
   204 | D:1      | Reached XP level 2. HP: 27/27 MP: 1/1
   642 | D:2      | Reached XP level 3. HP: 15/33 MP: 2/2
   884 | D:2      | Reached skill level 3 in Axes
  1264 | D:2      | Reached XP level 4. HP: 35/40 MP: 3/3
  1541 | D:3      | Found a faded altar of an unknown god.
  1685 | D:3      | Reached skill level 4 in Axes
  1953 | D:4      | Reached XP level 5. HP: 45/47 MP: 4/4
  1966 | D:4      | Reached skill level 1 in Dodging
  2264 | D:4      | Reached XP level 6. HP: 36/53 MP: 5/5
  2384 | D:4      | Reached skill level 5 in Axes
  2384 | D:4      | Reached skill level 5 in Shields
  2705 | D:5      | Entered Level 5 of the Dungeon
  2840 | D:5      | Reached skill level 5 in Armour
  2840 | D:5      | Reached XP level 7. HP: 60/60 MP: 6/6
  2843 | D:5      | Reached skill level 6 in Axes
  2845 | D:5      | Reached skill level 5 in Fighting
  2954 | D:5      | Found an iron altar of Okawaru.
  3005 | D:5      | Found a staircase to the Ecumenical Temple.
  3029 | D:5      | Reached skill level 1 in Evocations
  3496 | D:6      | Found a glowing drain.
  3515 | D:6      | Reached skill level 7 in Axes
  3561 | Sewer    | Entered a sewer
  3809 | Sewer    | Reached XP level 8. HP: 66/69 MP: 7/7
  4265 | D:7      | Noticed a hippogriff
  4274 | D:7      | Killed a hippogriff
  4296 | D:7      | Reached skill level 8 in Axes
  4557 | D:7      | Found a sacrificial altar of Ru.
  4575 | D:7      | Reached skill level 1 in Stealth
  4622 | D:7      | Found an opulent altar of Gozag.
  4630 | D:7      | Found an ancient bone altar of Kikubaaqudgha.
  4636 | D:7      | Found a sacrificial altar of Ru.
  4636 | D:7      | Found a shadowy altar of Dithmenos.
  4637 | D:7      | Found a blossoming altar of Fedhas.
  4638 | D:7      | Found a shimmering altar of Xom.
  4639 | D:7      | Found a white marble altar of Elyvilon.
  4640 | D:7      | Found a glowing golden altar of the Shining One.
  4641 | D:7      | Found a radiant altar of Vehumet.
  5037 | D:7      | Reached XP level 9. HP: 72/78 MP: 8/8
  5056 | D:7      | Found a bloodstained altar of Trog.
  5075 | D:7      | Reached skill level 9 in Axes
  5219 | D:7      | Found a bloodstained altar of Trog.
  5490 | D:8      | Noticed a two-headed ogre
  5490 | D:8      | HP: 3/79 [centaur/arrow (13)]
  5490 | D:8      | Slain by a wyvern

Skill      XL: |  1  2  3  4  5  6  7  8  9 |
---------------+----------------------------+-----
Fighting       | 4 5 6 7 |  7.0
Shields        | 4 5 6 7 |  7.7
Axes           | 3 4 5 7 8 9 |  9.7
Armour         | 4 5 7 |  7.2
Dodging        | 1 2 3 4 |  4.0
Evocations     | 1 |  1.0
Stealth        | 1 |  1.5

Action                   |  1- 3 |  4- 6 |  7- 9 || total
-------------------------+-------+-------+-------++-------
Melee: War axe           |   117 |   141 |   322 ||   580
       Headbutt          |    19 |    29 |    63 ||   111
 Abil: Evoke Berserk Rag |       |     2 |       ||     2
  Use: Scroll            |       |       |     2 ||     2
 Stab: Paralysed         |       |       |     1 ||     1
  Eat: Chunk             |     1 |     6 |    10 ||    17
Armor: Scale mail        |    57 |    45 |   124 ||   226
Dodge: Dodged            |    40 |    38 |   124 ||   202
Block: Shield            |    62 |    61 |   187 ||   310
